 Dungeon Crawl Stone Soup version 0.25-a0-861-g340c9e8194 (webtiles) character file.

Game seed: 3178418551776531028, levelgen mode: deterministic

99 Lugonue the Covered (level 4, -6/28 HPs)
             Began as a Tengu Fighter on Apr 29, 2020.
             Mangled by an ogre
             ... wielding a +0 giant club
              (10 damage)
             ... on level 4 of the Dungeon.
             The game lasted 00:02:02 (2074 turns).

Lugonue the Covered (Tengu Fighter)                 Turns: 2074, Time: 00:02:03

Health: -6/28      AC:  7    Str: 16    XL:     4   Next: 72%
Magic:  5/5        EV:  7    Int: 10    God:
Gold:   112        SH:  9    Dex: 13    Spells: 3/3 levels left

rFire    . . .     SeeInvis .   a - +0 long sword
rCold    . . .     Gourm    .   c - +0 kite shield
rNeg     . . .     Faith    .   b - +0 scale mail
rPois    .         Spirit   .   i - +0 hat
rElec    .         Reflect  .   (no cloak)
rCorr    .         Harm     .   (no gloves)
MR       .....                  (boots unavailable)
Stlth    ..........             (no amulet)
HPRegen  0.09/turn              (no ring)
MPRegen  0.09/turn              (no ring)

@: no status effects
A: beak, talons 3
a: no special abilities


You were on level 4 of the Dungeon.
You were not hungry.

You visited 1 branch of the dungeon, and saw 4 of its levels.

You collected 112 gold pieces.

Inventory:

Hand Weapons
 a - a +0 long sword (weapon)
Missiles
 l - 29 poisoned darts (quivered)
Armour
 b - a +0 scale mail (worn)
 c - a +0 kite shield (worn)
 i - a +0 hat (worn)
Wands
 o - a wand of random effects (16)
Scrolls
 e - 5 scrolls of fog {unknown}
 g - a scroll of amnesia {unknown}
 h - 2 scrolls of remove curse {unknown}
 k - a scroll of magic mapping {unknown}
 m - 4 scrolls of identify {unknown}
Potions
 d - a potion of might
 j - a potion of curing {unknown}
Comestibles
 f - 7 rations
 n - 3 chunks of flesh


   Skills:
 + Level 3.2 Fighting
 + Level 3.6 Long Blades
 + Level 4.2 Armour
 + Level 3.5 Shields


You had 3 spell levels left.
You didn't know any spells.
Your spell library contained the following spells:

 Spells                   Type           Power        Failure   Level  Hunger
 Confusing Touch          Hex            #.......     100%        3    ####...
 Gell's Gravitas          Tloc           #.........   100%        3    ####...
 Petrify                  Tmut/Erth      #.......     100%        4    #####..
 Metabolic Englaciation   Hex/Ice        #.........   100%        5    ######.
 Yara's Violent Unravell  Hex/Tmut       #.........   100%        5    ######.


Dungeon Overview and Level Annotations

Branches:
Dungeon (4/15)
 Temple: D:4-7

Altars:
Wu Jian


Innate Abilities, Weirdness & Mutations

You have a beak for a mouth.
You have claws for feet.


Message History

An ogre comes into view. It is wielding a +0 giant club.
The ogre shouts!
You see here a spear.
You hit the leopard gecko. Your kick misses the leopard gecko.
The leopard gecko is almost dead.
The leopard gecko bites you.
You hit the leopard gecko.
You kill the leopard gecko!
The ogre hits you with a +0 giant club!
Found a scroll labeled VUCKOR IM PIEXZIT.
You see here a leopard gecko corpse.
You see here a spear.
You hit the ogre.
The ogre is lightly wounded.
The ogre hits you with a +0 giant club!
Ouch! That really hurt!
* * * LOW HITPOINT WARNING * * *
Okay, then.
The ogre hits you with a +0 giant club!
You die...

.. ..## ...# ##.## .
##...## # ##. ##÷....#
.#
?..#....####......##..#
........##..O@.......##
............#+#........
............# #....##..
............#+#....#
.....<............##
...........#......#
.......†)....#....#
....?..............#
.....................


You could see an ogre.

Vanquished Creatures
  Natasha (D:2)
  An adder (D:3)
  2 oozes
  A worm (D:2)
  A dart slug (D:1)
  3 leopard geckos
  An orc (D:3)
  4 giant cockroaches
  3 goblins
  5 hobgoblins
  4 jackals
  A quokka (D:3)
  4 bats
  5 frilled lizards
  4 kobolds
  9 rats
49 creatures vanquished.

Notes
Turn   | Place    | Note
-------+----------+-------------------------------------------
     0 | D:1      | Lugonue the Tengu Fighter began the quest for the Orb.
     0 | D:1      | Reached XP level 1. HP: 14/14 MP: 2/2
   380 | D:1      | Reached XP level 2. HP: 16/19 MP: 3/3
   780 | D:2      | Found an ornate altar of the Wu Jian Council.
   909 | D:2      | Reached XP level 3. HP: 23/23 MP: 4/4
   978 | D:2      | Noticed Natasha
   988 | D:2      | Killed Natasha
   988 | D:2      | Reached skill level 4 in Armour
  1020 | D:2      | Reached XP level 4. HP: 28/28 MP: 5/5
  2046 | D:4      | Noticed an ogre
  2074 | D:4      | Mangled by an ogre

Levels and vault maps discovered:
D:1:      minmay_arrival_open_corners, layout_loops_ring,
          minmay_misc_feat_columns
D:2:      layout_loops_corners, lemuel_crystal_altar, first_ration, uniq_natasha
D:3:      layout_basic
D:4:      layout_cave_pools, kennysheep_mini_moat, kennysheep_okawaru_gauntlet,
          minmay_starry_boxes

Skill      XL: |  1  2  3 |
---------------+----------+-----
Long Blades    | 3 |  3.6
Armour         | 4 |  4.2
Fighting       | |  3.2
Shields        | |  3.5

Action                   |  1- 3 |  4- 6 || total
-------------------------+-------+-------++-------
Melee: Long sword        |    43 |    52 ||    95
       Kick              |    16 |    15 ||    31
       Peck              |     3 |     7 ||    10
Throw: Dart              |     3 |       ||     3
  Eat: Chunk             |       |     4 ||     4
Armor: Scale mail        |    12 |    33 ||    45
Dodge: Dodged            |    15 |    16 ||    31
Block: Kite shield       |    24 |    21 ||    45
       Rpst.: Long sword |     5 |    10 ||    15

Table legend:
 A = Non-vault XP
 B = Vault XP
 C = Vault XP percentage of total XP
 D = Non-vault monster count
 E = Vault monster count
 F = Vault count percentage of total count
                 A         B        C        D         E       F
            +---------+---------+-------+---------+---------+-------
      Total |     106 |      36 |  25.4 |      48 |       1 |   2.0
            +---------+---------+-------+---------+---------+-------
        D:1 |      18 |       0 |   0.0 |       9 |       0 |   0.0
        D:2 |      41 |      36 |  46.8 |      20 |       1 |   4.8
        D:3 |      38 |       0 |   0.0 |      15 |       0 |   0.0
        D:4 |       9 |       0 |   0.0 |       4 |       0 |   0.0
            +---------+---------+-------+---------+---------+-------
